 Dungeon Crawl Stone Soup version 0.19-a0-1740-g0bcaf2e (webtiles) character file.

87 hairmachine the Chucker (level 4, -8/44 HPs)
             Began as an Ogre Hunter on Oct 1, 2016.
             Mangled by Menkaure (11 damage)
             ... on level 5 of the Dungeon.
             The game lasted 00:04:29 (2630 turns).

hairmachine the Chucker (Ogre Hunter)               Turns: 2630, Time: 00:04:30

Health: -8/44      AC:  3    Str: 17    XL:     4   Next: 51%
Magic:  4/4        EV: 10    Int: 10    God:
Gold:   117        SH:  0    Dex: 11    Spells: 0 memorised, 3 levels left

rFire  . . .     SeeInvis .     a - +0 whip
rCold  . . .     Gourm    .     b - +0 robe
rNeg   . . .     Faith    .     (no shield)
rPois  .         Spirit   .     (helmet restricted)
rElec  .         Dismiss  .     (no cloak)
rCorr  .         Reflect  .     (gloves unavailable)
MR     +....     Harm     .     (boots unavailable)
Stlth  +......... Clarity  +    (no amulet)
                                (no ring)
                                (no ring)

@: no status effects
A: unfitting armour, talons 1, clarity, magic resistance 1, tough skin 1
a: no special abilities


You were on level 5 of the Dungeon.
You were hungry.

You visited 1 branch of the dungeon, and saw 4 of its levels.

You collected 117 gold pieces.

Inventory:

Hand Weapons
 a - a +0 whip (weapon)
Missiles
 c - 5 large rocks (quivered)
 d - 2 throwing nets
Armour
 b - a +0 robe (worn)
Jewellery
 l - an uncursed ring of ice {unknown}
Scrolls
 e - a scroll of random uselessness {unknown}
 g - a scroll of teleportation {unknown}
 o - a scroll of recharging {unknown}
 u - a scroll of remove curse {unknown}
 v - a scroll of blinking {unknown}
Potions
 h - a potion of resistance
 j - 2 potions of might
 k - a potion of ambrosia {unknown}
 m - a potion of agility {unknown}
 p - a potion of haste {unknown}
 q - a potion of curing {unknown}
 r - a potion of heal wounds {unknown}
 s - a potion of invisibility {unknown}
 t - a potion of brilliance {unknown}
Comestibles
 f - 2 bread rations
 n - a meat ration


   Skills:
 - Level 2.6 Fighting
 + Level 4.4 Maces & Flails
 - Level 4.4 Throwing
 - Level 1.9 Dodging
 - Level 0.7 Stealth


You had 3 spell levels left.
You didn't know any spells.

Dungeon Overview and Level Annotations

Branches:
Dungeon (3/15)

Altars:

Annotations:
D:5 Menkaure, Sigmund


Innate Abilities, Weirdness & Mutations

You are too large for most types of armour.
You have tough skin. (AC +1)
You have sharp toenails.
You possess an exceptional clarity of mind.
You are resistant to hostile enchantments. (MR+)


Message History

Sigmund barely misses you.
You barely miss the howler monkey zombie.
The howler monkey zombie is moderately damaged.
The ball python skeleton closely misses you.
Menkaure hits you!
* * * LOW HITPOINT WARNING * * *
The howler monkey zombie misses you.
You barely miss the howler monkey zombie.
The howler monkey zombie is moderately damaged.
The ball python skeleton bites you but does no damage.
Sigmund closely misses you.
The howler monkey zombie barely misses you.
Menkaure mumbles some strange words.
Menkaure seems to speed up.
It was a potion of mutation.
You feel extremely strange.
Your thoughts seem clearer.
You feel resistant to hostile enchantments.
Your toenails lengthen and sharpen.
Menkaure hits you!
You die...

#.. #.# #.#
#.# ##.#
..# #Z#
##@##
##(ZM##
#..@..#
#.........#
#.....##..#
##...## .#
##### #


You could see Sigmund, Menkaure, a howler monkey zombie and a ball python
skeleton.

Vanquished Creatures
  3 adders
  2 worms (D:2)
  2 dart slugs (D:1)
  A leopard gecko (D:2)
  2 orcs (D:3)
  2 ball pythons (D:1)
  3 giant cockroaches
  5 goblins
  5 hobgoblins
  8 kobolds
  8 bats
  3 frilled lizards (D:2)
  5 rats
49 creatures vanquished.

Notes
Turn   | Place    | Note
-------+----------+-------------------------------------------
     0 | D:1      | hairmachine the Ogre Hunter began the quest for the Orb.
     0 | D:1      | Reached XP level 1. HP: 22/22 MP: 1/1
   338 | D:1      | Reached XP level 2. HP: 29/29 MP: 2/2
   502 | D:1      | Reached skill level 1 in Maces & Flails
   766 | D:1      | Reached XP level 3. HP: 36/36 MP: 3/3
  1549 | D:2      | Reached XP level 4. HP: 34/44 MP: 4/4
  2622 | D:3      | You fall through a shaft for 2 floors!
  2622 | D:5      | Entered Level 5 of the Dungeon
  2622 | D:5      | Noticed Sigmund
  2622 | D:5      | Noticed Menkaure
  2630 | D:5      | Gained mutation: You possess an exceptional clarity of mind. [potion of mutation]
  2630 | D:5      | Gained mutation: You are resistant to hostile enchantments. (MR+) [potion of mutation]
  2630 | D:5      | Gained mutation: You have sharp toenails. [potion of mutation]
  2630 | D:5      | Mangled by Menkaure

Vault maps used:
D:1:      dpeg_arrival_shrine, serial_forest, infiniplex_forest_lined_4_way,
          infiniplex_forest_end_3, infiniplex_forest_straight_3,
          infiniplex_forest_straight_1
D:3:      minmay_wonky_spiral, nicolae_ashenzari_panopticon,
          uniq_crazy_yiuf_cottage
D:5:      first_bread, uniq_sigmund, uniq_menkaure, uniq_eustachio,
          uniq_blork_the_orc, uniq_edmund

Skill      XL: |  1  2  3  4 |
---------------+-------------+-----
Maces & Flails | 2 3 4 |  4.4
Fighting       | |  2.6
Throwing       | |  4.4
Dodging        | |  1.9
Stealth        | |  0.7

Action                   |  1- 3 |  4- 6 || total
-------------------------+-------+-------++-------
Melee: Short sword       |    30 |       ||    30
       Whip              |    99 |    74 ||   173
       Club              |    13 |       ||    13
Throw: Large rock        |    10 |     2 ||    12
       Throwing net      |     2 |       ||     2
  Use: Scroll            |       |     2 ||     2
       Potion            |       |     1 ||     1
 Stab: Sleeping          |     1 |     1 ||     2
  Eat: Chunk             |     1 |     4 ||     5
Armor: Robe              |    65 |    19 ||    84
Dodge: Dodged            |    99 |    56 ||   155
